 Dungeon Crawl Stone Soup version 0.29-a0-321-gf1c400731a (webtiles) character file.

Game seed: 15834201552634242870

315 wakim the Gusty (level 6, 0/29 (32) HPs)
             Began as a Tengu Air Elementalist on Apr 3, 2022.
             Slain by an orc
             ... wielding a +0 dagger
              (2 damage)
             ... on level 5 of the Dungeon.
             The game lasted 00:11:25 (5088 turns).

wakim the Gusty (Tengu Air Elementalist)            Turns: 5088, Time: 00:11:26

HP:   0/29 (32)     AC:  3    Str:  8    XL:     6   Next: 44%
MP:   12/12         EV: 14    Int: 18    God:
Gold: 210           SH:  0    Dex: 14    Spells: 4/11 levels left

rFire   . . .      SeeInvis .   b - +4 dagger
rCold   . . .      Faith    .   (no shield)
rNeg    . . .      Spirit   .   O - +1 robe
rPois   .          Reflect  .   (helmet restricted)
rElec   .          Harm     .   V - scarf {repulsion}
rCorr   .          Rampage  .   (no gloves)
Will    .....                   (boots unavailable)
Stlth   +.........              (no amulet)
HPRegen 0.09/turn               W - ring of fire
MPRegen 0.13/turn               Y - ring of ice

@: confused, flying quickly and evasively, drained, repel missiles, quick
A: beak, talons 3, nimble flight
a: no special abilities


You were on level 5 of the Dungeon.
You visited 1 branch of the dungeon, and saw 5 of its levels.

You collected 210 gold pieces.

Inventory:

Hand Weapons
 a - a +1 vorpal dagger
 b - a +4 dagger (weapon)
Armour
 O - a +1 robe (worn)
 V - a scarf of repulsion (worn)
Jewellery
 N - a ring of resist corrosion
 W - a ring of fire (left hand)
 Y - a ring of ice (right hand)
Scrolls
 R - a scroll of magic mapping {!r}
 S - a scroll of immolation {unknown}
 T - a scroll of teleportation
 U - a scroll of fear
 X - 3 scrolls of enchant weapon
Potions
 B - 2 potions of attraction {!q}
 D - 2 potions of brilliance
 F - 4 potions of curing
 J - 2 potions of heal wounds
 K - a potion of magic
 P - a potion of lignification {unknown}
 Q - a potion of might {unknown}
 Z - 2 potions of berserk rage {unknown}


   Skills:
 - Level 2.1 Dodging
 - Level 2.0 Stealth
 + Level 3.4 Spellcasting
 + Level 4.2 Conjurations
 * Level 7.1 Air Magic


You had 4 spell levels left.
You knew the following spells:

 Your Spells              Type           Power      Damage    Failure   Level
a - Shock                 Conj/Air       92%        1d8       1%          1
b - Airstrike             Air            14%        N/A       9%          4
d - Static Discharge      Conj/Air       23%        N/A       2%          2

Your spell library contained the following spells:

 Spells                   Type           Power      Damage    Failure   Level
 Swiftness                Air            28%        N/A       2%          3
 Foxfire                  Conj/Fire      60%        2x1d7     7%          1
 Conjure Flame            Conj/Fire      15%        6-21      21%         3
 Inner Flame              Hex/Fire       4%         N/A       43%         3
 Flame Wave               Conj/Fire      15%        2d6       54%         4


Dungeon Overview and Level Annotations

Branches:
Dungeon (5/15)
 Temple: D:4-7

Altars:

Shops:
D:4 *[(

Annotations:
D:4 exclusion: ogre, Dowan, Duvessa


Innate Abilities, Weirdness & Mutations

You have a beak for a mouth.
You have claws for feet.
Your magical nature lets you fly swiftly and evasively.


Message History

The orc wizard is lightly wounded.
The orc wizard shouts!
The orc wizard points at you and mumbles some strange words.
You are confused.
You hear a shout!
You're too confused to move!
The orc wizard casts a spell at you. The puff of flame hits you! 20/32 (-12)
You bump into the rock wall.
You bump into the rock wall.
An orc comes into view. It is wielding a +0 dagger.
The orc shouts!
You bump into the rock wall.
You feel less confused. 21/32 (+1) Unknown command.
The orc wizard casts a spell at you.
You are confused.
You miss the orc. Your kick misses the orc. Your peck misses the orc.
The orc wizard hits you but does no damage.
You feel drained. The orc closely misses you.
You hit the orc wizard. Your peck misses the orc wizard.
The orc wizard is moderately wounded.
The orc wizard hits you with a +0 dagger of draining.
You feel drained. The orc hits you with a +0 dagger.
* * * LOW HITPOINT WARNING * * *
15/30 (-6) You're too confused to move!
The orc wizard hits you but does no damage.
You feel drained. The orc hits you with a +0 dagger.
* * * LOW HITPOINT WARNING * * *
11/29 (-4) Unknown command.
The orc misses you. The orc wizard casts a spell at you.
The puff of flame hits you!
* * * LOW HITPOINT WARNING * * *
The orc hits you with a +0 dagger.
You die...

#.###...#
#.###...#.#
#...###[#.#
#.###...#.# .#
###..##...# ..#
###..####...##..#
#..####.#...#...#
+.## #........##
#..### ##.@.#....
###..###.oo......#
###..##...#...!.
###...........
###.###...#. ....
..... .........#.
#..........
...#..#...


You could see an orc wizard and an orc.

Vanquished Creatures
  A hound (D:4)
  2 orc priests (D:5)
  Jessica (D:2)
  2 orc wizards (D:3)
  Natasha (thrice) (D:3)
  An adder (D:5)
  2 worms
  2 dart slugs (D:1)
  4 orcs
  6 ball pythons
  7 endoplasms
  5 giant cockroaches
  3 goblins
  3 hobgoblins
  3 jackals (D:2)
  3 quokkas
  5 bats
  2 kobolds (D:1)
  3 rats
58 creatures vanquished.

Vanquished Creatures (others)
  7 plants
7 creatures vanquished.

Grand Total: 65 creatures vanquished

Notes
Turn   | Place    | Note
-------+----------+-------------------------------------------
     0 | D:1      | wakim the Tengu Air Elementalist began the quest for the
                  | Orb.
     0 | D:1      | Reached XP level 1. HP: 10/10 MP: 4/4
   270 | D:1      | Reached XP level 2. HP: 15/15 MP: 1/6
   444 | D:1      | Learned a level 2 spell: Static Discharge
   991 | D:1      | Reached XP level 3. HP: 16/19 MP: 3/7
  1722 | D:2      | Found a faded altar of an unknown god.
  1754 | D:2      | Reached skill level 5 in Air Magic
  2154 | D:2      | Noticed Jessica
  2160 | D:2      | Killed Jessica
  2161 | D:2      | Reached XP level 4. HP: 22/24 MP: 5/8
  2938 | D:3      | Noticed Natasha
  2945 | D:3      | Killed Natasha
  3038 | D:3      | Noticed Natasha
  3043 | D:3      | Killed Natasha
  3044 | D:3      | Gained mutation: Your magical nature lets you fly swiftly
                  | and evasively. [Tengu growth]
  3044 | D:3      | Reached XP level 5. HP: 28/28 MP: 7/10
  3048 | D:3      | Noticed Natasha
  3054 | D:3      | Killed Natasha
  3055 | D:3      | Reached skill level 6 in Air Magic
  3720 | D:4      | Found Dut Must's Antique Armour Shop.
  3899 | D:4      | Noticed Dowan
  3920 | D:4      | Noticed an ogre
  3965 | D:4      | Found Tiofonaf's Weapon Shop.
  4073 | D:4      | Reached XP level 6. HP: 15/32 MP: 3/11
  4240 | D:4      | Found Kod Usuc's Assorted Antiques.
  4248 | D:4      | Noticed Duvessa
  4661 | D:5      | Entered Level 5 of the Dungeon
  4679 | D:5      | Noticed a black bear
  4689 | D:5      | Learned a level 4 spell: Airstrike
  4706 | D:5      | Noticed an ice beast
  4787 | D:5      | !bestwep
  4921 | D:5      | Reached skill level 7 in Air Magic
  5088 | D:5      | Slain by an orc

Illustrated notes

#####
#...#.#
#<..#
##.....#
###.#
#....#.#
....#
#....#.#
#####
#.##.#.#
#.
#...##
#!
##...#
#...#
###@#
#...#
#..##..
#..#
#... .#
#...#
.....
#.>.#.
.......


Turn 4787 on D:5: !bestwep

Levels and vault maps discovered:
D:1:      dpeg_arrival_rhombus, layout_loops_ring, serial_forest,
          infiniplex_forest_lined_2, infiniplex_forest_clump_small,
          infiniplex_forest_clump_diagonal, infiniplex_forest_end_2,
          infiniplex_forest_join, infiniplex_forest_lined_3,
          infiniplex_forest_clump_small, infiniplex_forest_straight_2
D:2:      layout_basic, hellmonk_ecumenical_altar_zigzags, uniq_jessica
D:3:      layout_loops_ring, serial_park_tiny_pond,
          chequers_serial_rivers_room_b, uniq_natasha
D:4:      layout_loops_ring, serial_shops, shop, shop, shop, uniq_duvessa
D:5:      layout_basic, minmay_temple_entry_oklob, grunt_decor_cap,
          hangedman_decor_slide_cut, grunt_decor_clamped

Skill      XL: |  1  2  3  4  5  6 |
---------------+-------------------+-----
Conjurations   | 2 3 4 |  4.2
Air Magic      | 5 6 7 |  7.1
Spellcasting   | 3 |  3.4
Dodging        | |  2.1
Stealth        | |  2.0

Action                   |  1- 3 |  4- 6 || total
-------------------------+-------+-------++-------
Melee: Unarmed           |     6 |       ||     6
       Peck              |     3 |     3 ||     6
       Dagger            |     4 |    11 ||    15
       Kick              |     1 |     3 ||     4
 Cast: Shock             |    43 |    38 ||    81
       Static Discharge  |     8 |    15 ||    23
  Use: Scroll            |     4 |     9 ||    13
 Stab: Sleeping          |       |     2 ||     2
Armor: Robe              |     6 |     9 ||    15
Dodge: Dodged            |    12 |    14 ||    26
       Repelled          |       |     1 ||     1

Table legend: (Time is in decaauts)
 A = Elapsed time spent in this place.
 B = Non-inter-level travel time spent in this place.
 C = Inter-level travel time spent in this place.
 D = Time resting spent in this place.
 E = Time spent auto-exploring this place.
 F = Levels seen in this place.
 G = Mean time per level.
                   A        B        C        D        E       F      G
               +--------+--------+--------+--------+--------+-----+--------+
         Total |   4953 |   4626 |    327 |     22 |   4101 |   5 |  990.6 |
       Dungeon |   4953 |   4626 |    327 |     22 |   4101 |   5 |  990.6 |
               +--------+--------+--------+--------+--------+-----+--------+

Top non-repeatable levels by time:
     D:1: 1615 daAuts
     D:3: 1160 daAuts
     D:2: 1010 daAuts
     D:4: 763 daAuts
     D:5: 404 daAuts
